 Dungeon Crawl Stone Soup version 0.31-a0-182-gc5ef74bbde (webtiles) character file.

Game seed: 8814064597996425833

380 qw the Chopper (level 6, 0/37 HPs)
             Began as a Gargoyle Fighter on June 20, 2023.
             Slain by a thrashing horror (5 damage)
             ... on level 1 of the Abyss.
             The game lasted 00:01:42 (3185 turns).

qw the Chopper (Gargoyle Fighter)                   Turns: 3185, Time: 00:01:43

Health: 0/37       AC: 17    Str: 27    XL:     6   Next: 75%
Magic:  6/6        EV: 10    Int: 13    God:
Gold:   66         SH:  4    Dex:  9    Spells: 5/5 levels left

rFire   . . .        Y - +0 war axe
rCold   . . .        c - +0 buckler
rNeg    + . .        g - +2 scale mail "Byc Kuawn" {Int+4 SInv}
rPois   inf          (no helmet)
rElec   +            (no cloak)
rCorr   .            (no gloves)
SInv    +            (no boots)
Will    .....        (no amulet) Stlth
                     h - +4 ring of protection
HPRegen 0.26/turn    m - +6 ring of strength
MPRegen 0.10/turn

%: no passive effects
@: no status effects
A: sickness immunity, AC +4, negative energy resistance 1, electricity
resistance, torment resistance 1, petrification resistance
a: no special abilities


You were on level 1 of the Abyss.
You visited 1 branch of the dungeon, and saw 4 of its levels.
You visited the Abyss 1 time.

You collected 96 gold pieces.
You spent 30 gold pieces at shops.


Innate Abilities, Weirdness & Mutations

You are immune to sickness and miasma.
Your stone body is resilient. (AC +4)
You are immune to poison.
You resist negative energy. (rN+)
You are resistant to electric shocks. (rElec)
You are resistant to unholy torment.
You are immune to petrification.


   Skills:
 - Level 3.2 Fighting
 - Level 6.2 Axes
 - Level 3.2 Armour
 + Level 0.9 Dodging
 - Level 3.2 Shields


You had 5 spell levels left.
You didn't know any spells.
Your spell library was empty.

Inventory:

Hand Weapons
 j - a +0 whip
 Y - a +0 war axe (weapon)
Armour
 c - a +0 buckler (worn)
 g - the +2 scale mail "Byc Kuawn" (worn) {Int+4 SInv}
   (You found it on level 3 of the Dungeon)

   Int:       It affects your intelligence (+4).
   SInv:      It lets you see invisible.
 n - a +0 chain mail
Jewellery
 h - a +4 ring of protection (left hand)
 m - a +6 ring of strength (right hand)
Scrolls
 o - a scroll of identify
Potions
 b - a potion of enlightenment {unknown}
 d - a potion of might
 e - a potion of curing
 f - a potion of attraction
 i - 2 potions of lignification
 k - a potion of brilliance {unknown}
 l - a potion of degeneration {unknown}

Dungeon Overview and Level Annotations

Branches:
Dungeon (4/15)
 Temple: D:4-7

Altars:
Sif Muna
Uskayaw

Shops:
D:2 (   D:3 [[!*

Annotations:
D:3 exclusion: adder
D:4 Edmund


Message History

A tentacled starspawn is nearby!
3161 ||| Stepping ~*~*~tactically~*~*~ (stealth).
You start resting.
A thrashing horror appears in a shower of sparks.
The thrashing horror roars!
You block the thrashing horror's attack.
The thrashing horror tramples you.
You hold your ground!
The thrashing horror tramples you but does no damage.
The thrashing horror barely misses you. The thrashing horror tramples you.
You hold your ground!
The thrashing horror tramples you but does no damage.
You hit the thrashing horror but do no damage.
The thrashing horror tramples you.
You hold your ground!
The thrashing horror tramples you.
You stumble backwards!
The thrashing horror barely misses you. x2
You closely miss the thrashing horror. The thrashing horror barely misses you.
The thrashing horror tramples you.
You stumble backwards!
The thrashing horror tramples you.
You hold your ground!
The thrashing horror tramples you but does no damage.
You slash the thrashing horror!
The thrashing horror is lightly damaged.
The thrashing horror tramples you.
You stumble backwards!
The thrashing horror tramples you but does no damage.
The thrashing horror misses you.
You barely miss the thrashing horror.
The thrashing horror is lightly damaged.
The thrashing horror tramples you.
You stumble backwards!
You slash the thrashing horror!
The thrashing horror is heavily damaged.
The thrashing horror tramples you.
You stumble backwards!
The thrashing horror tramples you!
You stumble backwards!
You barely miss the thrashing horror.
The thrashing horror is moderately damaged.
You block the thrashing horror's attack.
The thrashing horror tramples you.
You stumble backwards!
The thrashing horror tramples you.
You stumble backwards!
You block the thrashing horror's attack.
The thrashing horror tramples you.
You die...

. ....#.#......# .# ..
.. #.#....#.##.. ..
....#...........###
.......#..........#...
.........#...........
. . .........#......
........#.#...#..# .
.X.###.#....# .... ..
#.@X...# ...ยค
#......# ...
........#.#..# .
.....#...#...##
........###..#.#
.#.#.####..## #..##
#.## #. ## #


You could see a thrashing horror.

Vanquished Creatures
  Grinder (D:4)
  A crimson imp (D:4)
  Ijyb (D:4)
  3 gnolls (D:4)
  4 adders
  2 dart slugs
  An orc (D:3)
  4 bats (D:1)
  5 endoplasms
  3 giant cockroaches
  5 goblins
  3 hobgoblins
  A jackal (D:1)
  7 kobolds
  4 quokkas
  6 ball pythons
  2 frilled lizards
  A rat (D:3)
54 creatures vanquished.

Notes
Turn   | Place    | Note
-------+----------+-------------------------------------------
     0 | D:1      | qw the Gargoyle Fighter began the quest for the Orb.
     0 | D:1      | Reached XP level 1. HP: 14/14 MP: 1/1
     0 | D:1      | 0 ||| qw: Version: 0.3-a-9-g12657ce
     0 | D:1      | 0 ||| qw: Game counter: 1316
     0 | D:1      | 0 ||| qw: Always use a shield: true
     0 | D:1      | 0 ||| qw: God list: Okawaru
     0 | D:1      | 0 ||| qw: Allow faded altars: false
     0 | D:1      | 0 ||| qw: Do Orc after D:15 true
     0 | D:1      | 0 ||| qw: Do second Lair branch before Depths: true
     0 | D:1      | 0 ||| qw: Lair rune preference: random
     0 | D:1      | 0 ||| qw: Plans: Normal, Zot:1-4, Slime:5, God:TSO, Crypt,
                  | Tomb, Abyss, Pan, Hells, Win
     0 | D:1      | 0 ||| PLANNING D:1-11
    93 | D:1      | Reached skill level 2 in Axes
   185 | D:1      | Reached XP level 2. HP: 19/19 MP: 2/2
   355 | D:1      | 355 ||| Stepping ~*~*~tactically~*~*~ (stealth).
   356 | D:1      | 356 ||| Stepping ~*~*~tactically~*~*~ (stealth).
   754 | D:1      | Reached skill level 3 in Axes
   986 | D:1      | 986 ||| DROPPING amulet of magic regeneration.
   987 | D:1      | 987 ||| UPGRADING to +4 ring of protection.
   988 | D:1      | 988 ||| READING 2 scrolls labelled AKKOTW HUTEWA.
   993 | D:1      | 993 ||| READING scroll labelled KAW PIASTRIQ.
  1006 | D:2      | 1006 ||| STAIRDANCE
  1009 | D:1      | Reached XP level 3. HP: 22/23 MP: 3/3
  1104 | D:2      | Found a faded altar of an unknown god.
  1373 | D:2      | Found Iqadgho's Antique Weapon Shop.
  1380 | D:2      | 1380 ||| SHOPLISTING dazzling morningstar (216 gold, have
                  | 43).
  1380 | D:2      | 1380 ||| SHOPLISTING mace (72 gold, have 43).
  1946 | D:2      | 1946 ||| READING 2 scrolls labelled PIFUEMOIBIW.
  1947 | D:2      | 1947 ||| READING scroll labelled LEWKADOKIRPH.
  1948 | D:2      | 1948 ||| DROPPING scroll of vulnerability.
  1964 | D:3      | Found Yggac's Antique Armour Boutique.
  1964 | D:3      | Found Pehaddal's Distillery.
  1965 | D:3      | 1965 ||| PLANNING SEWER
  1971 | D:3      | 1971 ||| BUYING potion of attraction (30 gold).
  1971 | D:3      | Bought a potion of attraction for 30 gold pieces
  1971 | D:3      | 1971 ||| SHOPLISTING potion of curing (30 gold, have 23).
  1971 | D:3      | 1971 ||| SHOPLISTING potion of enlightenment (50 gold, have
                  | 23).
  1971 | D:3      | 1971 ||| SHOPLISTING potion of haste (100 gold, have 23).
  1971 | D:3      | 1971 ||| SHOPLISTING potion of heal wounds (50 gold, have
                  | 23).
  1971 | D:3      | 1971 ||| SHOPLISTING potion of magic (80 gold, have 23).
  1971 | D:3      | 1971 ||| SHOPLISTING potion of might (40 gold, have 23).
  1978 | D:3      | Found Noiklal's General Store.
  1980 | D:3      | Identified the +2 scale mail "Byc Kuawn" {Int+4 SInv}
  1994 | D:3      | 1994 ||| SHOPLISTING potion of enlightenment (70 gold, have
                  | 23).
  1994 | D:3      | 1994 ||| SHOPLISTING potion of resistance (140 gold, have
                  | 23).
  1994 | D:3      | 1994 ||| SHOPLISTING scroll of identify (28 gold, have 23).
  2027 | D:3      | 2027 ||| UPGRADING to +2 scale mail "Byc Kuawn" {Int+4
                  | SInv}.
  2037 | D:3      | 2037 ||| DROPPING +0 scale mail.
  2081 | D:3      | 2081 ||| SHOPLISTING cloak (121 gold, have 39).
  2081 | D:3      | 2081 ||| SHOPLISTING fine chain mail (256 gold, have 39).
  2081 | D:3      | 2081 ||| SHOPLISTING pair of embroidered boots (202 gold,
                  | have 39).
  2101 | D:3      | Found a shimmering blue altar of Sif Muna.
  2150 | D:3      | Identified the +8 quarterstaff of the Lesser Evil {heavy,
                  | rElec rF- Dex-3 SInv}
  2182 | D:3      | Found Saokunle's Armour Boutique.
  2193 | D:3      | 2193 ||| SHOPLISTING +2 ring mail of cold resistance (210
                  | gold, have 39).
  2193 | D:3      | 2193 ||| SHOPLISTING +2 scale mail of cold resistance (210
                  | gold, have 39).
  2193 | D:3      | 2193 ||| SHOPLISTING +3 pair of mountain boots {steadfast,
                  | rC+} (335 gold, have 39).
  2193 | D:3      | 2193 ||| SHOPLISTING +4 chain mail of willpower (315 gold,
                  | have 39).
  2284 | D:3      | Found a hide-covered altar of Uskayaw.
  2295 | D:3      | 2295 ||| READING scroll labelled TININL OCZILI.
  2299 | D:3      | 2299 ||| DRINKING 3 puce potions.
  2393 | D:3      | Reached XP level 4. HP: 28/28 MP: 4/4
  2476 | D:4      | 2476 ||| STAIRDANCE
  2480 | D:4      | 2480 ||| STAIRDANCE
  2543 | D:4      | 2543 ||| STAIRDANCE
  2551 | D:3      | Reached skill level 4 in Axes
  2553 | D:4      | 2553 ||| STAIRDANCE
  2557 | D:4      | 2557 ||| STAIRDANCE
  2561 | D:4      | 2561 ||| STAIRDANCE
  2565 | D:4      | 2565 ||| STAIRDANCE
  2569 | D:4      | 2569 ||| STAIRDANCE
  2573 | D:4      | 2573 ||| STAIRDANCE
  2577 | D:4      | 2577 ||| STAIRDANCE
  2581 | D:4      | 2581 ||| STAIRDANCE
  2585 | D:4      | 2585 ||| STAIRDANCE
  2589 | D:4      | 2589 ||| STAIRDANCE
  2593 | D:4      | 2593 ||| STAIRDANCE
  2597 | D:4      | 2597 ||| STAIRDANCE
  2601 | D:4      | 2601 ||| STAIRDANCE
  2605 | D:4      | 2605 ||| STAIRDANCE
  2609 | D:4      | 2609 ||| STAIRDANCE
  2613 | D:4      | 2613 ||| STAIRDANCE
  2617 | D:4      | 2617 ||| STAIRDANCE
  2696 | D:3      | 2696 ||| RIP SEWER
  2696 | D:3      | 2696 ||| PLANNING D:1-11
  2696 | D:3      | 2696 ||| UPGRADING to +6 ring of strength.
  2747 | D:4      | Noticed Ijyb
  2760 | D:4      | Killed Ijyb
  2835 | D:4      | Reached XP level 5. HP: 32/32 MP: 5/5
  2858 | D:4      | Noticed Grinder
  2859 | D:4      | 2859 ||| Stepping ~*~*~tactically~*~*~ (hiding).
  2866 | D:4      | Paralysed by Grinder for 2 turns
  2870 | D:4      | 2870 ||| Stepping ~*~*~tactically~*~*~ (hiding).
  2873 | D:4      | Paralysed by Grinder for 5 turns
  2884 | D:4      | Killed Grinder
  2885 | D:4      | Reached skill level 6 in Axes
  2885 | D:4      | Reached XP level 6. HP: 19/37 MP: 6/6
  2935 | D:4      | 2935 ||| Stepping ~*~*~tactically~*~*~ (stealth).
  2937 | D:4      | 2937 ||| Stepping ~*~*~tactically~*~*~ (stealth).
  2953 | D:4      | 2953 ||| Stepping ~*~*~tactically~*~*~ (stealth).
  2958 | D:4      | 2958 ||| Stepping ~*~*~tactically~*~*~ (stealth).
  2959 | D:4      | 2959 ||| Stepping ~*~*~tactically~*~*~ (stealth).
  2963 | D:4      | Identified the +7 sling of Tagen {heavy, Contam Str+4}
  2970 | D:4      | HP: 6/37 [gnoll/+0 flail (4)]
  2971 | D:4      | 2971 ||| READING scroll of teleportation.
  3127 | D:4      | Noticed Edmund
  3136 | Abyss:1  | Cast into level 1 of the Abyss (Edmund)
  3156 | Abyss:1  | Noticed a tentacled starspawn
  3156 | Abyss:1  | 3156 ||| Stepping ~*~*~tactically~*~*~ (stealth).
  3158 | Abyss:1  | 3158 ||| Stepping ~*~*~tactically~*~*~ (stealth).
  3159 | Abyss:1  | 3159 ||| Stepping ~*~*~tactically~*~*~ (stealth).
  3161 | Abyss:1  | 3161 ||| Stepping ~*~*~tactically~*~*~ (stealth).
  3171 | Abyss:1  | Noticed a thrashing horror
  3182 | Abyss:1  | HP: 9/37 [thrashing horror (7)]
  3185 | Abyss:1  | Slain by a thrashing horror

Levels and vault maps discovered:
D:1:      roderic_octagonal_star, layout_basic, minmay_3d_cube
D:2:      layout_basic, basic_ecumenical_altar, serial_shops,
          nicolae_shop_getting_attention
D:3:      layout_rooms, nicolae_uskayaw_suspiria,
          mainiacjoe_overflow_concentric_impassable, portal_sewer_entry_b,
          serial_shops, nicolae_shop_tiny_glass, shop, nicolae_shop_trees,
          nicolae_shop_temple_entry_statues_fountains
D:4:      layout_rooms, zin_treasury, minmay_fire_ice_demons, uniq_grinder,
          uniq_edmund, uniq_ijyb, uniq_pikel
Abyss:1:  base:
D:1

Skill      XL: |  1  2  3  4  5 |
---------------+----------------+-----
Axes           | 2 3 4 6 |  6.2
Fighting       | |  3.2
Armour         | |  3.2
Dodging        | |  0.9
Shields        | |  3.2

Action                     |  1- 3 |  4- 6 || total
---------------------------+-------+-------++-------
  Melee: War axe           |   142 |    77 ||   219
    Use: Scroll            |     5 |     1 ||     6
         Potion            |     1 |       ||     1
 Armour: Scale mail        |    66 |    36 ||   102
  Dodge: Dodged            |    70 |    33 ||   103
  Block: Buckler           |    31 |    15 ||    46

Table legend:
 A = Non-vault XP
 B = Vault XP
 C = Vault XP percentage of total XP
 D = Non-vault monster count
 E = Vault monster count
 F = Vault count percentage of total count
                 A         B        C        D         E       F
            +---------+---------+-------+---------+---------+-------
      Total |     177 |     367 |  67.5 |      50 |       4 |   7.4
            +---------+---------+-------+---------+---------+-------
        D:1 |      32 |       2 |   5.9 |      18 |       1 |   5.3
        D:2 |      13 |       0 |   0.0 |       6 |       0 |   0.0
        D:3 |      53 |       0 |   0.0 |      16 |       0 |   0.0
        D:4 |      79 |     365 |  82.2 |      10 |       3 |  23.1
            +---------+---------+-------+---------+---------+-------
